 Dungeon Crawl Stone Soup version 0.27.1-33-g824d729ab1 (webtiles) character file.

Game seed: 13478362627837717820

54 lordive the Skirmisher (level 3, 0/33 HPs)
             Began as a Hill Orc Fighter on Dec 27, 2021.
             Slain by a gnoll (4 damage)
             ... on level 2 of the Dungeon.
             The game lasted 00:01:19 (1294 turns).

lordive the Skirmisher (Hill Orc Fighter)           Turns: 1294, Time: 00:01:19

Health: 0/33       AC: 10    Str: 18    XL:     3   Next: 91%
Magic:  3/3        EV:  9    Int:  9    God:
Gold:   40         SH:  4    Dex: 10    Spells: 2/2 levels left

rFire    . . .     SeeInvis .   a - +0 long sword
rCold    . . .     Faith    .   g - +0 buckler
rNeg     . . .     Spirit   .   b - +0 scale mail
rPois    .         Reflect  .   (no helmet)
rElec    .         Harm     .   i - +2 cloak {Stlth+}
rCorr    .         Rampage  .   (no gloves)
Will     .....                  (no boots)
Stlth    +.........             (no amulet)
HPRegen  0.11/turn              (no ring)
MPRegen  0.08/turn              (no ring)

@: no status effects
A: no striking features
a: no special abilities


You were on level 2 of the Dungeon.
You visited 1 branch of the dungeon, and saw 2 of its levels.

You collected 40 gold pieces.

Inventory:

Hand Weapons
 a - a +0 long sword (weapon)
Armour
 b - a +0 scale mail (worn)
 c - a +0 kite shield
 g - a +0 buckler (worn)
 i - a +2 cloak of stealth (worn)
Scrolls
 j - a scroll of enchant weapon {unknown}
Potions
 d - a potion of might
 e - a potion of lignification {unknown}
 f - a potion of curing {unknown}
 h - a potion of degeneration {unknown}
 k - 2 potions of attraction {unknown}
 l - a potion of haste {unknown}


   Skills:
 + Level 4.2 Fighting
 + Level 2.8 Long Blades
 + Level 4.1 Armour
 + Level 3.7 Shields


You had 2 spell levels left.
You didn't know any spells.
Your spell library was empty.

Dungeon Overview and Level Annotations

Branches:
Dungeon (2/15)

Altars:


Message History

You block the gnoll's attack. x2
You slash the gnoll!
The gnoll is heavily wounded.
The gnoll barely misses you.
An endoplasm comes into view.
You block the gnoll's attack.
You completely miss the gnoll.
The gnoll is heavily wounded.
The endoplasm quivers.
The gnoll hits you with a +0 whip. The gnoll barely misses you. x2
You closely miss the gnoll.
The gnoll is heavily wounded.
The gnoll hits you but does no damage. The gnoll barely misses you.
The gnoll closely misses you.
You hit the gnoll but do no damage.
The gnoll is heavily wounded.
The gnoll hits you but does no damage. x2
You slash the gnoll!
You kill the gnoll!
The gnoll hits you from afar with a +0 spear.
* * * LOW HITPOINT WARNING * * *
The gnoll barely misses you.
Things that are here:
a +0 whip; a +0 whip; a gnoll corpse You closely miss the gnoll.
The gnoll hits you with a +0 spear.
* * * LOW HITPOINT WARNING * * *
You hit the gnoll.
The gnoll is lightly wounded.
The gnoll hits you with a +0 spear.
* * * LOW HITPOINT WARNING * * *
The gnoll hits you but does no damage.
You slash the gnoll!
The gnoll is almost dead.
The gnoll barely misses you.
You riposte.
You slash the gnoll!
You kill the gnoll!
Your Armour skill increases to level 4!
You slash the gnoll!
The gnoll is severely wounded.
The gnoll hits you with a +0 flail.
You die...

#............###..
####.##.####.....#
##...#...........
########.#.#...#######.#
...............# #.#
###...##.#.#....# #.#
..... ##...#...# #.#
###..J####......# #.#
.....Kg@......#.######.#
###..##########........#
# ##########


You could see a gnoll, an endoplasm and a kobold.

Vanquished Creatures
  3 gnolls (D:2)
  A worm (D:2)
  A dart slug (D:2)
  An endoplasm (D:1)
  A giant cockroach (D:1)
  A hobgoblin (D:2)
  2 kobolds (D:2)
  2 quokkas (D:2)
  2 ball pythons
  2 bats
  3 goblins (D:1)
  3 rats (D:1)
22 creatures vanquished.

Notes
Turn   | Place    | Note
-------+----------+-------------------------------------------
     0 | D:1      | lordive the Hill Orc Fighter began the quest for the Orb.
     0 | D:1      | Reached XP level 1. HP: 19/19 MP: 1/1
   396 | D:1      | Reached XP level 2. HP: 27/27 MP: 2/2
   412 | D:1      | Found a faded altar of an unknown god.
  1249 | D:2      | Reached XP level 3. HP: 31/33 MP: 3/3
  1294 | D:2      | Slain by a gnoll

Illustrated notes

Levels and vault maps discovered:
D:1:      minmay_arrival_arboretum_small, layout_basic,
          chequers_ecumenical_altar_grove, minmay_tripent
D:2:      layout_loops_ring

Skill      XL: |  1  2  3 |
---------------+----------+-----
Fighting       | 4 |  4.2
Armour         | 4 |  4.1
Long Blades    | |  2.8
Shields        | |  3.7

Action                   || total
-------------------------++-------
Melee: Long sword        ||    81
Armor: Scale mail        ||    38
Dodge: Dodged            ||    37
Block: Kite shield       ||    10
       Buckler           ||    14
       Rpst.: Long sword ||    12
